TOP OF THE 1ST |
Vancouver Vipers batting - Pitching for Mexico City Cerveceros : RHP David Green
|
Pitching: RHP David Green
|
|
Batting: LHB Javier Matos
|
0-0: Ball 1-0: Ball 2-0: Ball 3-0: Base on Balls
|
Batting: LHB Ray Spencer
|
0-0: Foul Ball, location: 2F 0-1: Ball 1-1: Swinging Strike 1-2: Fly out, F7 (Flyball, 7M)
|
Batting: RHB Howard Lane
|
0-0: Called Strike 0-1: Ball 1-1: Ball 2-1: Foul Ball, location: 2F 2-2: Ball 3-2: Grounds into double play, 4-6-3 (Groundball, 4)
|
Top of the 1st over - 0 run(s), 0 hit(s), 0 error(s), 0 left on base; Vancouver 0 - Mexico City 0 |
BOTTOM OF THE 1ST |
Mexico City Cerveceros batting - Pitching for Vancouver Vipers : RHP Javier Toledo
|
Pitching: RHP Javier Toledo
|
|
Batting: LHB Sammy Marshall
|
0-0: Swinging Strike 0-1: Swinging Strike 0-2: Ball 1-2: Strikes out swinging
|
Batting: RHB Dennis Stephenson
|
0-0: Called Strike 0-1: Ball 1-1: Called Strike 1-2: Ball 2-2: Ball 3-2: Ground out 4-3 (Groundball, 34)
|
Batting: LHB Chad Weaver
|
0-0: Called Strike 0-1: Ball 1-1: Ball 2-1: Ball 3-1: Swinging Strike 3-2: Base on Balls
|
Batting: RHB Dave Morgan
|
0-0: Ground out 5-3 (Groundball, 5L)
|
Bottom of the 1st over - 0 run(s), 0 hit(s), 0 error(s), 1 left on base; Vancouver 0 - Mexico City 0 |
TOP OF THE 2ND |
Vancouver Vipers batting - Pitching for Mexico City Cerveceros : RHP David Green
|
Batting: RHB Lorenzo González
|
0-0: Ball 1-0: Foul Ball, location: 2F 1-1: Swinging Strike 1-2: Ball 2-2: Ball 3-2: Fly out, F7 (Flyball, 78M)
|
Batting: RHB Francisco Rodríguez
|
0-0: Called Strike 0-1: Foul Ball, location: 2F 0-2: Strikes out swinging
|
Batting: RHB Axel Guimont
|
0-0: SOLO HOME RUN (Flyball, 78XD), Distance : 401 ft
|
Batting: RHB Júlio Hernández
|
0-0: Foul Ball, location: 2F 0-1: Foul Ball, location: 2F 0-2: Ball 1-2: Ball 2-2: Ball 3-2: Base on Balls
|
Batting: SHB Kyle MacGregor
|
0-0: Ball 1-0: Ball 2-0: Fly out, F8 (Flyball, 8RM)
|
Top of the 2nd over - 1 run(s), 1 hit(s), 0 error(s), 1 left on base; Vancouver 1 - Mexico City 0 |
BOTTOM OF THE 2ND |
Mexico City Cerveceros batting - Pitching for Vancouver Vipers : RHP Javier Toledo
|
Batting: LHB Francisco Franco
|
0-0: Called Strike 0-1: Swinging Strike 0-2: Ball 1-2: Ball 2-2: Strikes out swinging
|
Batting: RHB Lorenzo Ayala
|
0-0: Ball 1-0: Swinging Strike 1-1: Called Strike 1-2: Strikes out swinging
|
Batting: RHB Robinson Pacheco
|
0-0: Ball 1-0: Called Strike 1-1: Swinging Strike 1-2: Ball 2-2: Ball 3-2: SINGLE (Line Drive, 8LS)
|
Batting: RHB Naomi Kitamura
|
0-0: Called Strike 0-1: DOUBLE (Flyball, 89XD) Robinson Pacheco to third
|
Batting: RHB Ernesto Jiménez
|
0-0: Foul Ball, location: 2F 0-1: Ball 1-1: Fly out, F9 (Flyball, 89M)
|
Bottom of the 2nd over - 0 run(s), 2 hit(s), 0 error(s), 2 left on base; Vancouver 1 - Mexico City 0 |
TOP OF THE 3RD |
Vancouver Vipers batting - Pitching for Mexico City Cerveceros : RHP David Green
|
Batting: RHB Dan Tyler
|
0-0: Ball 1-0: Bunt for hit - play at first, batter OUT! 2-3
|
Batting: LHB Javier Matos
|
0-0: Called Strike 0-1: Foul Ball, location: 2F 0-2: Ball 1-2: Fly out, F7 (Line Drive, 7M)
|
Batting: LHB Ray Spencer
|
0-0: SINGLE (Line Drive, 8RS)
|
Batting: RHB Howard Lane
|
0-0: Called Strike 0-1: Ball 1-1: Ball 2-1: Swinging Strike 2-2: SINGLE (Groundball, 13) (infield hit) Ray Spencer to second
|
Batting: RHB Lorenzo González
|
0-0: Called Strike 0-1: Ground out 1-3 (Groundball, 13)
|
Top of the 3rd over - 0 run(s), 2 hit(s), 0 error(s), 2 left on base; Vancouver 1 - Mexico City 0 |
BOTTOM OF THE 3RD |
Mexico City Cerveceros batting - Pitching for Vancouver Vipers : RHP Javier Toledo
|
Batting: LHB Sammy Marshall
|
0-0: Ball 1-0: Foul Ball, location: 2F 1-1: Ball 2-1: Ground out 4-3 (Groundball, 4)
|
Batting: RHB Dennis Stephenson
|
0-0: Called Strike 0-1: Ball 1-1: Ball 2-1: SINGLE (Groundball, 6D)
|
Batting: LHB Chad Weaver
|
0-0: SINGLE (Groundball, 4MD) Dennis Stephenson to second Runner from 2nd tries for 3rd, SAFE, throw made to third
|
Batting: RHB Dave Morgan
|
0-0: Called Strike 0-1: Ball 1-1: Foul Ball, location: 2F 1-2: DOUBLE (Line Drive, 7LD) Dennis Stephenson scores Chad Weaver to third
|
Batting: LHB Francisco Franco
|
0-0: Fly out, F8 (Flyball, 8LD) Runner from 3rd tags up, SCORES, no throw
|
Batting: RHB Lorenzo Ayala
|
0-0: Ball 1-0: Called Strike 1-1: Foul Ball, location: 2F 1-2: Ball 2-2: Ball 3-2: SINGLE (Groundball, 34S) Dave Morgan to third Dave Morgan scores
|
Batting: RHB Robinson Pacheco
|
0-0: Ball 1-0: Fielders Choice at 2nd, U6 (Groundball, 6M)
|
Bottom of the 3rd over - 3 run(s), 4 hit(s), 0 error(s), 1 left on base; Vancouver 1 - Mexico City 3 |
TOP OF THE 4TH |
Vancouver Vipers batting - Pitching for Mexico City Cerveceros : RHP David Green
|
Batting: RHB Francisco Rodríguez
|
0-0: Ball 1-0: Ball 2-0: Ground out 6-3 (Groundball, 6M)
|
Batting: RHB Axel Guimont
|
0-0: Called Strike 0-1: Ball 1-1: Ground out 6-3 (Groundball, 6)
|
Batting: RHB Júlio Hernández
|
0-0: Called Strike 0-1: Foul Ball, location: 2F 0-2: Foul Ball, location: 2F 0-2: Ball 1-2: Strikes out swinging
|
Top of the 4th over - 0 run(s), 0 hit(s), 0 error(s), 0 left on base; Vancouver 1 - Mexico City 3 |
BOTTOM OF THE 4TH |
Mexico City Cerveceros batting - Pitching for Vancouver Vipers : RHP Javier Toledo
|
Batting: RHB Naomi Kitamura
|
0-0: Ball 1-0: Ground out 6-3 (Groundball, 6)
|
Batting: RHB Ernesto Jiménez
|
0-0: Ball 1-0: Fly out, F9 (Flyball, 9M)
|
Batting: LHB Sammy Marshall
|
0-0: Ball 1-0: Ball 2-0: Called Strike 2-1: Foul Ball, location: 2F 2-2: Ground out 1-3 (Groundball, 23)
|
Bottom of the 4th over - 0 run(s), 0 hit(s), 0 error(s), 0 left on base; Vancouver 1 - Mexico City 3 |
TOP OF THE 5TH |
Vancouver Vipers batting - Pitching for Mexico City Cerveceros : RHP David Green
|
Batting: SHB Kyle MacGregor
|
0-0: Ball 1-0: Ball 2-0: Called Strike 2-1: Foul Ball, location: 2F 2-2: Foul Ball, location: 2F 2-2: Strikes out swinging
|
Batting: RHB Dan Tyler
|
0-0: Ground out 5-3 (Groundball, 56)
|
Batting: LHB Javier Matos
|
0-0: Called Strike 0-1: Ball 1-1: Ground out 5-3 (Groundball, 5D)
|
Top of the 5th over - 0 run(s), 0 hit(s), 0 error(s), 0 left on base; Vancouver 1 - Mexico City 3 |
BOTTOM OF THE 5TH |
Mexico City Cerveceros batting - Pitching for Vancouver Vipers : RHP Javier Toledo
|
Batting: RHB Dennis Stephenson
|
0-0: Called Strike 0-1: Swinging Strike 0-2: Foul Ball, location: 2F 0-2: Foul Ball, location: 2F 0-2: Strikes out swinging
|
Batting: LHB Chad Weaver
|
0-0: Called Strike 0-1: Ball 1-1: Ground out U3 (Groundball, 3S)
|
Batting: RHB Dave Morgan
|
0-0: SINGLE (Groundball, 13) (infield hit)
|
Batting: LHB Francisco Franco
|
0-0: Ball 1-0: Ball 2-0: 2-RUN HOME RUN (Line Drive, 9D), Distance : 351 ft
|
Batting: RHB Lorenzo Ayala
|
0-0: Swinging Strike 0-1: Called Strike 0-2: Strikes out swinging
|
Bottom of the 5th over - 2 run(s), 2 hit(s), 0 error(s), 0 left on base; Vancouver 1 - Mexico City 5 |
TOP OF THE 6TH |
Vancouver Vipers batting - Pitching for Mexico City Cerveceros : RHP David Green
|
Batting: LHB Ray Spencer
|
0-0: Reached on error, E3 (Groundball, 3S)
|
Batting: RHB Howard Lane
|
0-0: Called Strike Ray Spencer steals 2nd base 0-1: Swinging Strike 0-2: Ball 1-2: Strikes out swinging
|
Batting: RHB Lorenzo González
|
0-0: Ball 1-0: Ground out 6-3 (Groundball, 56)
|
Batting: RHB Francisco Rodríguez
|
0-0: Called Strike 0-1: Ball 1-1: Ball Wild Pitch! Ray Spencer to third 2-1: Foul Ball, location: 2F 2-2: Foul Ball, location: 2F 2-2: DOUBLE (Line Drive, 78XD) Ray Spencer scores
|
Batting: RHB Axel Guimont
|
0-0: Ball 1-0: Ball 2-0: SINGLE (Line Drive, 6MD) Francisco Rodríguez to third Runner from 3rd tries for Home, SAFE, no throw or cutoff
|
Batting: RHB Júlio Hernández
|
0-0: Swinging Strike 0-1: Ball Axel Guimont is caught stealing 2nd base
|
Top of the 6th over - 2 run(s), 2 hit(s), 1 error(s), 0 left on base; Vancouver 3 - Mexico City 5 |
BOTTOM OF THE 6TH |
Mexico City Cerveceros batting - Pitching for Vancouver Vipers : RHP Javier Toledo
|
Batting: RHB Robinson Pacheco
|
0-0: Ball 1-0: Called Strike 1-1: Foul Ball, location: 2F 1-2: SINGLE (Groundball, 56D)
|
Batting: RHB Naomi Kitamura
|
0-0: Ball 1-0: Called Strike 1-1: Foul Ball, location: 2F 1-2: Ball 2-2: Ball 3-2: Foul Ball, location: 2F 3-2: Base on Balls Robinson Pacheco to second
|
Pitching: RHP José Vargas
|
|
Batting: RHB Ernesto Jiménez
|
0-0: Ball 1-0: Fly out, F9 (Line Drive, 9M)
|
Batting: LHB Sammy Marshall
|
0-0: Called Strike 0-1: Ball 1-1: Ball 2-1: Ball 3-1: SINGLE (Groundball, 4MD) Robinson Pacheco to third Naomi Kitamura to second
|
Batting: RHB Dennis Stephenson
|
0-0: Foul Ball, location: 2F 0-1: Swinging Strike 0-2: Ball 1-2: Ball 2-2: Ball 3-2: Base on Balls Robinson Pacheco scores Naomi Kitamura to third Sammy Marshall to second
|
Batting: LHB Chad Weaver
|
0-0: Called Strike 0-1: Foul Ball, location: 2F 0-2: Foul Ball, location: 2F 0-2: Foul Ball, location: 2F 0-2: Ball 1-2: Strikes out swinging
|
Batting: RHB Dave Morgan
|
0-0: GRAND SLAM HOME RUN (Flyball, 7LD), Distance : 350 ft
|
Batting: LHB Francisco Franco
|
0-0: Ball 1-0: Swinging Strike 1-1: Ground out 4-3 (Groundball, 4)
|
Bottom of the 6th over - 5 run(s), 3 hit(s), 0 error(s), 0 left on base; Vancouver 3 - Mexico City 10 |
TOP OF THE 7TH |
Vancouver Vipers batting - Pitching for Mexico City Cerveceros : RHP David Green
|
Batting: RHB Júlio Hernández
|
0-0: Ball 1-0: Ball 2-0: Called Strike 2-1: Fly out, F4 (Line Drive, 4)
|
Batting: SHB Kyle MacGregor
|
0-0: Called Strike 0-1: Foul Ball, location: 2F 0-2: Foul Ball, location: 2F 0-2: Ground out 1-3 (Groundball, 15S)
|
Batting: RHB Dan Tyler
|
0-0: Ball 1-0: Ball 2-0: SINGLE (Line Drive, 6D)
|
Batting: LHB Javier Matos
|
0-0: Called Strike 0-1: Fly out, F8 (Flyball, 78M)
|
Top of the 7th over - 0 run(s), 1 hit(s), 0 error(s), 1 left on base; Vancouver 3 - Mexico City 10 |
BOTTOM OF THE 7TH |
Mexico City Cerveceros batting - Pitching for Vancouver Vipers : RHP José Vargas
|
Pitching: RHP Michael Chapman
|
|
Batting: RHB Lorenzo Ayala
|
0-0: Foul Ball, location: 2F 0-1: Ball 1-1: Foul Ball, location: 2F 1-2: Foul Ball, location: 2F 1-2: Foul Ball, location: 2F 1-2: Strikes out swinging
|
Batting: RHB Robinson Pacheco
|
0-0: Ball 1-0: Ball 2-0: Ball 3-0: Called Strike 3-1: Foul Ball, location: 2F 3-2: Foul Ball, location: 2F 3-2: Base on Balls
|
Batting: RHB Naomi Kitamura
|
0-0: Fly out, F5 (Popup, 56)
|
Batting: RHB Ernesto Jiménez
|
0-0: Called Strike 0-1: Foul Ball, location: 2F 0-2: Fly out, F6 (Line Drive, 6)
|
Bottom of the 7th over - 0 run(s), 0 hit(s), 0 error(s), 1 left on base; Vancouver 3 - Mexico City 10 |
TOP OF THE 8TH |
Vancouver Vipers batting - Pitching for Mexico City Cerveceros : RHP David Green
|
Batting: LHB Ray Spencer
|
0-0: Ball 1-0: Called Strike 1-1: Swinging Strike 1-2: SINGLE (Line Drive, 4D)
|
Pitching: RHP David Escobido
|
|
Batting: RHB Howard Lane
|
0-0: Foul Ball, location: 2F 0-1: Foul Ball, location: 2F 0-2: Fly out, F8 (Line Drive, 8RXD)
|
Batting: RHB Lorenzo González
|
0-0: Ball 1-0: Called Strike 1-1: Ball 2-1: Foul Ball, location: 2F 2-2: Ball 3-2: Foul Ball, location: 2F 3-2: Foul Ball, location: 2F 3-2: Grounds into double play, 6-4-3 (Groundball, 6)
|
Top of the 8th over - 0 run(s), 1 hit(s), 0 error(s), 0 left on base; Vancouver 3 - Mexico City 10 |
BOTTOM OF THE 8TH |
Mexico City Cerveceros batting - Pitching for Vancouver Vipers : RHP Michael Chapman
|
Batting: LHB Sammy Marshall
|
0-0: Ball 1-0: Ball 2-0: Ball 3-0: Called Strike 3-1: Foul Ball, location: 2F 3-2: Fly out, F8 (Flyball, 8LXD)
|
Batting: RHB Dennis Stephenson
|
0-0: Ball 1-0: Foul Ball, location: 2F 1-1: Ball 2-1: Called Strike 2-2: DOUBLE (Line Drive, 7LM)
|
Batting: LHB Chad Weaver
|
0-0: Called Strike 0-1: SINGLE (Groundball, 4MD) Dennis Stephenson to third
|
Batting: RHB Dave Morgan
|
0-0: Ball 1-0: Swinging Strike 1-1: Ball Chad Weaver steals 2nd base 2-1: Ball 3-1: Base on Balls
|
Batting: LHB Francisco Franco
|
0-0: Swinging Strike 0-1: Ball 1-1: Ball 2-1: Ball 3-1: Swinging Strike 3-2: Base on Balls Dennis Stephenson scores Chad Weaver to third Dave Morgan to second
|
Batting: RHB Lorenzo Ayala
|
0-0: Called Strike 0-1: Ball 1-1: Foul Ball, location: 2F 1-2: Strikes out looking
|
Batting: RHB Robinson Pacheco
|
0-0: Ball 1-0: Swinging Strike 1-1: Called Strike 1-2: Strikes out swinging
|
Bottom of the 8th over - 1 run(s), 2 hit(s), 0 error(s), 3 left on base; Vancouver 3 - Mexico City 11 |
TOP OF THE 9TH |
Vancouver Vipers batting - Pitching for Mexico City Cerveceros : RHP David Escobido
|
Now at C: John Anderson
|
|
Now in CF: Júlio Cedeńo
|
|
Batting: RHB Francisco Rodríguez
|
0-0: Foul Ball, location: 2F 0-1: Called Strike 0-2: Strikes out swinging
|
Batting: RHB Axel Guimont
|
0-0: Ball 1-0: Called Strike 1-1: Ground out 5-3 (Groundball, 56)
|
Batting: RHB Júlio Hernández
|
0-0: Ball 1-0: Ground out 6-3 (Groundball, 6MD)
|
Top of the 9th over - 0 run(s), 0 hit(s), 0 error(s), 0 left on base; Vancouver 3 - Mexico City 11 |
|